 Dungeon Crawl Stone Soup version 0.28-a0-653-g7e9dba17c3 (webtiles) character file.

Game seed: 13236758089817613889

42 GordonOverkill the Insei (level 3, -3/26 HPs)
             Began as a Vampire Transmuter on Oct 12, 2021.
             Succumbed to a scorpion's poison
             ... on level 3 of the Dungeon.
             The game lasted 00:03:39 (1661 turns).

GordonOverkill the Insei (Vampire Transmuter)       Turns: 1661, Time: 00:03:39

Health: -3/26      AC:  3    Str: 10    XL:     3   Next: 33%
Magic:  5/6        EV: 12    Int: 15    God:
Gold:   102        SH:  3    Dex: 14    Spells: 5/6 levels left

rFire   . . .      SeeInvis +   d - +3 short sword (speed)
rCold   . . .      Faith    .   j - +0 buckler
rNeg    . . .      Spirit   .   a - +0 robe
rPois   .          Reflect  .   (helmet currently unavailable)
rElec   .          Harm     .   m - +0 cloak
rCorr   .          Rampage  .   (no gloves)
Will    .....                   (boots currently unavailable)
Stlth   ++........              g - amulet of the acrobat
HPRegen 0.28/turn               (no ring)
MPRegen 0.10/turn               (no ring)

@: lethally poisoned (-3 -> -28), appendages (expiring), healing quickly
A: horns 2, talons 2, alive, fangs 3, see invisible, vampiric 2
a: Exsanguinate, End Transformation


You were on level 3 of the Dungeon.
You had temporarily grown beastly horns and talons.
You visited 1 branch of the dungeon, and saw 3 of its levels.

You collected 102 gold pieces.

Inventory:

Hand Weapons
 d - a +3 short sword of speed (weapon)
Armour
 a - a +0 robe (worn)
 e - a +0 chain mail
 j - a +0 buckler (worn)
 m - a +0 cloak (worn)
Jewellery
 g - an amulet of the acrobat (around neck)
Wands
 l - a wand of flame (11)
Scrolls
 h - a scroll of teleportation {unknown}
 n - a scroll of acquirement {unknown}
 o - a scroll of holy word {unknown}
Potions
 b - 2 potions of curing
 c - 2 potions of brilliance {unknown}
 f - a potion of resistance
 k - 2 potions of lignification {unknown}


   Skills:
 - Level 1.0 Fighting
 + Level 0.8 Short Blades
 + Level 2.7 Dodging
 + Level 1.4 Stealth
 + Level 0.4 Shields
 * Level 3.9 Unarmed Combat
 - Level 2.0 Spellcasting
 + Level 2.5 Transmutations


You had 5 spell levels left.
You knew the following spells:

 Your Spells              Type           Power      Damage    Failure   Level
a - Beastly Appendage     Tmut           18%        N/A       12%         1

Your spell library contained the following spells:

 Spells                   Type           Power      Damage    Failure   Level
 Wereblood                Tmut           9%         N/A       19%         2
 Spider Form              Tmut/Pois      2%         N/A       52%         3
 Ice Form                 Ice/Tmut       5%         N/A       90%         4


Dungeon Overview and Level Annotations

Branches:
Dungeon (3/15)

Altars:

Shops:
D:2 (


Innate Abilities, Weirdness & Mutations

You have temporarily grown beastly horns and talons.
Your natural rate of healing is accelerated.
You have razor-sharp teeth.
You have supernaturally acute eyesight. (SInv)
You are afflicted with vampirism and can become a bat while bloodless.


Message History

The puff of flame hits the scorpion.
The scorpion is lightly wounded.
Your transformation is almost over.
Aiming: Throw Flame
Press: ? - help, Shift-Dir - straight line, f/p - scorpion
Aim: a scorpion (lightly wounded, 68% to hit)
The puff of flame hits the scorpion.
The scorpion is moderately wounded.
You closely miss the scorpion. Your kick misses the scorpion.
The scorpion is moderately wounded.
The scorpion stings you.
You are poisoned.
The scorpion poisons you!
You hit the scorpion.
You bite the scorpion, but do no damage.
The scorpion is moderately wounded.
You feel very sick. The scorpion barely misses you.
Your shield prevents you from hitting the scorpion.
Your kick misses the scorpion.
The scorpion is moderately wounded.
You feel sick. The scorpion stings you.
You hit the scorpion but do no damage. Your kick misses the scorpion.
Your headbutt misses the scorpion.
The scorpion is moderately wounded.
You feel sick. The scorpion stings you.
* * * LOW HITPOINT WARNING * * *
You are lethally poisoned!
The scorpion poisons you!
You hit the scorpion. You headbutt the scorpion. You bite the scorpion.
The scorpion is severely wounded.
* * * LOW HITPOINT WARNING * * *
You feel very sick. The scorpion stings you!
* * * LOW HITPOINT WARNING * * *
You are more poisoned.
The scorpion poisons you!
You barely miss the scorpion.
The scorpion is severely wounded.
You die...

################
...............#
.#
.#############.#
.# .# #.# .# .#
#.# .# .# #.# .#
.# #.# .# .#
#.##s# .# #..@.#
.# ###### ##


You could see a scorpion.

Vanquished Creatures
  An adder (D:2)
  A worm (D:2)
  An endoplasm (D:2)
  2 giant cockroaches
  6 goblins
  A hobgoblin (D:1)
  A quokka (D:1)
  3 ball pythons
  2 bats
  3 frilled lizards
  4 kobolds
  6 rats
31 creatures vanquished.

Notes
Turn   | Place    | Note
-------+----------+-------------------------------------------
     0 | D:1      | GordonOverkill the Vampire Transmuter began the quest for
                  | the Orb.
     0 | D:1      | Reached XP level 1. HP: 14/14 MP: 3/3
   134 | D:1      | Reached skill level 1 in Fighting
   384 | D:1      | Reached XP level 2. HP: 21/21 MP: 3/5
   570 | D:1      | Reached skill level 1 in Stealth
  1056 | D:2      | Found Rulyen's Antique Weapon Emporium.
  1125 | D:2      | Gained mutation: You are afflicted with vampirism and can
                  | become a bat while bloodless. [Vampire growth]
  1125 | D:2      | Reached XP level 3. HP: 17/26 MP: 4/6
  1651 | D:3      | Noticed a scorpion
  1660 | D:3      | HP: 1/26 [scorpion (8)]
  1661 | D:3      | Succumbed to a scorpion's poison

Illustrated notes

Levels and vault maps discovered:
D:1:      psy_arrival_wood_between_worlds, layout_rooms,
          serial_co_window_serial, co_window_corner_a, co_window_paths_a,
          co_window_of_opportunity_a, co_window_paths_a,
          co_window_of_opportunity_a, co_window_broadway_c,
          co_window_unsneaky_path_b, co_window_unsneaky_path_b,
          co_window_4corner_b, co_window_sun, glass_columns_a, glass_columns_a,
          glass_columns_c, glass_columns_b
D:2:      layout_basic, serial_shops, nicolae_shop_waterfront,
          chequers_mini_garden
D:3:      minmay_razor_zed, layout_basic, hex_large, kennysheep_generic_room_15

Skill      XL: |  1  2 |
---------------+-------+-----
Fighting       | 1 |  1.0
Stealth        | 1 |  1.4
Short Blades   | |  0.8
Dodging        | |  2.7
Shields        | |  0.4
Unarmed Combat | |  3.9
Spellcasting   | |  2.0
Transmutations | |  2.5

Action                   || total
-------------------------++-------
Melee: Short sword       ||    59
       Unarmed           ||     8
       Bite              ||     6
       Kick              ||     6
       Headbutt          ||     5
 Cast: Beastly Appendage ||    17
Evoke: Wand              ||     3
  Use: Scroll            ||     2
 Stab: Sleeping          ||     4
Armor: Robe              ||     5
Dodge: Dodged            ||    27
Block: Buckler           ||     3

Table legend: (Time is in decaauts)
 A = Elapsed time spent in this place.
 B = Non-inter-level travel time spent in this place.
 C = Inter-level travel time spent in this place.
 D = Time resting spent in this place.
 E = Time spent auto-exploring this place.
 F = Levels seen in this place.
 G = Mean time per level.
                   A        B        C        D        E       F      G
               +--------+--------+--------+--------+--------+-----+--------+
         Total |   1647 |   1566 |     81 |     51 |   1216 |   3 |  549.0 |
       Dungeon |   1647 |   1566 |     81 |     51 |   1216 |   3 |  549.0 |
               +--------+--------+--------+--------+--------+-----+--------+

Top non-repeatable levels by time:
     D:1: 1010 daAuts
     D:2: 558 daAuts
     D:3: 77 daAuts
